Map: Dusk Towers

Players

MrForTheLow - Winner!

  • Race: Zerg Zerg

SticklerMac

  • Race: Zerg Zerg
  • League: Gold

VOD

Have the link to the VOD?

Description

Time

  • Played on: Nov. 10, 2015, 9:56 a.m.
  • Length: 6:40
Show
View Real Time Build Order
Export as new Build Order

MrForTheLow Zerg - Winner!

Build Orders: Pool First 

Get SALT Encoding   

  12  0:17  Spawning Pool  
  11  0:22  Drone  
  12  0:31  Drone x2  
  14  0:40  Overlord  
  14  1:05  Zergling x6  
  14  1:06  Queen  
  19  1:16  Drone  
  20  1:30  Hatchery  
  19  1:33  Drone  
  19  1:36  Extractor  
  19  1:39  Drone  
  20  1:52  Overlord  
  20  1:59  Drone  
  21  2:12  Drone  
  21  2:14  Drone  
  23  2:24  Drone x2  
  23  2:29  Drone  
  26  2:35  Drone  
  27  2:38  Metabolic Boost  
  27  2:49  Overlord  
  27  2:50  Drone x2  
  29  3:03  Baneling Nest  
  29  3:04  Zergling x10  
  33  3:16  Zergling x4  
  35  3:25  Zergling x4  
  35  3:26  Zergling x4  
  39  3:29  Zergling x2  
  40  3:37  Zergling x2  
  40  3:39  Queen  
  43  3:46  Zergling x2  
  44  3:50  Baneling x2  
  44  3:51  Baneling x4  
  44  4:05  Zergling x2  
  42  4:11  Overlord x2  
  42  4:24  Zergling x2  
  43  4:28  Hatchery  
  32  4:57  Zergling x2  
  32  4:58  Zergling x16  
  38  5:09  Evolution Chamber  
  38  5:10  Zergling x4, Baneling x2  
  39  5:18  Baneling x3  
  39  5:19  Baneling  
  38  5:22  Zergling x4  
  38  5:28  Zergling x6  
  42  5:40  Queen  
  42  5:41  Zergling x2  
  42  5:42  Zergling x8  
  49  5:53  Extractor  
  44  6:14  Zergling x16  
  44  6:15  Zergling x6  
Show
View Real Time Build Order
Export as new Build Order

SticklerMac Zerg 

Build Orders: Hatch First 

Get SALT Encoding   

  12  0:00  Drone  
  13  0:12  Overlord  
  13  0:18  Drone  
  14  0:31  Drone x2  
  17  0:35  Drone  
  17  0:54  Hatchery  
  16  0:57  Drone  
  16  1:00  Drone  
  18  1:04  Extractor  
  17  1:16  Spawning Pool  
  16  1:20  Drone  
  18  1:25  Drone  
  18  1:30  Drone  
  20  1:40  Drone  
  20  1:50  Overlord  
  20  2:06  Queen  
  20  2:08  Zergling x4  
  23  2:14  Metabolic Boost  
  23  2:20  Zergling x2  
  24  2:31  Zergling x2  
  24  2:32  Zergling x4  
  26  2:43  Zergling x4  
  28  2:53  Spine Crawler  
  28  2:54  Spine Crawler, Zergling x2  
  28  2:55  Zergling x2  
  28  3:01  Drone  
  28  3:04  Zergling x2  
  30  3:10  Drone  
  30  3:11  Drone  
  33  3:16  Drone  
  34  3:20  Queen  
  36  3:34  Overlord  
  36  3:35  Overlord  
  36  3:42  Overlord  
  36  3:54  Zergling x2  
  36  3:55  Zergling x8  
  41  4:09  Zergling x8  
  41  4:22  Zergling x4  
  43  4:25  Baneling Nest  
  43  4:28  Zergling x2  
  43  4:44  Zergling x2  
  43  4:45  Zergling x8  
  34  4:55  Zergling x4  
  33  5:02  Zergling x2  
  33  5:06  Queen  
  36  5:07  Zergling x2  
  37  5:17  Zergling x2  
  37  5:18  Zergling x2  
  37  5:21  Zergling x2  
  40  5:43  Baneling  
  40  5:44  Baneling x6  
  40  5:50  Drone  
  32  6:14  Zergling x2  
  32  6:15  Zergling x6  
  36  6:20  Zergling x2  
Tags
 
Add a new tag
Caveats
  • Supply blocks, unpowered buildings, or Contaminate may cause inaccurate times.
  • Supply counts are checked every 10 seconds.